 Dungeon Crawl Stone Soup version 0.29-a0-648-g6b26cc9f40 (webtiles) character file.

Game seed: 8807754754904686354

33 PentaManta the Cudgeller (level 3, 1/1 (31) HPs)
             Began as a Meteoran Cinder Acolyte on June 20, 2022.
             Was a High Priest of Ignis.
             Tarried too long and was consumed by Zot
             ... on level 1 of the Dungeon.
             The game lasted 00:06:29 (1800 turns).

PentaManta the Cudgeller (Meteoran Cinder Acolyte)  Turns: 1800, Time: 00:06:30

HP:   1/1 (31)      AC:  2    Str: 18    XL:     3   Next: 70%
MP:   6/6           EV: 11    Int: 15    God:    Ignis [*****.]
Gold: 43            SH:  0    Dex:  9    Spells: 5/5 levels left

rFire   + . .      SeeInvis .   h - +0 whip
rCold   . . .      Faith    .   (no shield)
rNeg    . . .      Spirit   .   b - +0 robe
rPois   .          Reflect  .   (no helmet)
rElec   .          Harm     .   (no cloak)
rCorr   .          Rampage  .   (no gloves)
Will    .....                   (no boots)
Stlth   +.........              (no amulet)
HPRegen 0.01/turn               (no ring)
MPRegen 0.10/turn               (no ring)

@: glowing, extremely drained, bezotted and risking death
A: sense surroundings 1, otherworldly, glowing, explore regen
a: Renounce Religion, Fiery Armour, Foxfire Swarm, Rising Flame


You were on level 1 of the Dungeon.
You worshipped Ignis.
Ignis was extremely pleased with you.
You visited 1 branch of the dungeon, and saw 2 of its levels.

You collected 43 gold pieces.

Inventory:

Hand Weapons
 a - a -1 mace of flaming
 h - a +0 whip (weapon)
Armour
 b - a +0 robe (worn)
 j - a +0 cloak
Jewellery
 c - a ring of ice
 l - a ring of resist corrosion
Scrolls
 d - a scroll of noise {unknown}
 f - a scroll of enchant weapon {unknown}
 g - a scroll of amnesia {unknown}
 m - a scroll of identify {unknown}
Potions
 e - a potion of attraction {unknown}
 i - a potion of invisibility {unknown}
 k - a potion of haste {unknown}
 n - a potion of cancellation {unknown}


   Skills:
 - Level 3.4 Fighting
 + Level 5.2 Maces & Flails
 - Level 1.7 Spellcasting
 - Level 3.8 Fire Magic


You had 5 spell levels left.
You didn't know any spells.
Your spell library contained the following spells:

 Spells                   Type           Power      Damage    Failure   Level
 Scorch                   Fire           24%        2d6       7%          2


Dungeon Overview and Level Annotations

Branches:
Dungeon (2/15) Zot: 0! You are so drained that the power of Zot will kill you!

Altars:

Shops:
D:1 =


Innate Abilities, Weirdness & Mutations

You passively map a small area around you.
You are easily found by Zot.
You glow in the dark.
You regain HP and MP as you explore.


Message History

Zot draws nearer.
Dive deeper or flee this branch before you suffer!
Unknown command.
Really rest while Zot is near?
You start waiting.
Zot has nearly found you.
Suffering is approaching.
Descend or flee this branch!
Unknown command.
Unknown command.
Zot's power touches on you...
You feel drained.
Unknown command.
Unknown command.
You start waiting.
You have lingered too long.
Zot senses you.
Dive deeper or flee this branch before you perish!
Really rest while Zot is near?
Okay, then.
Really rest while Zot is near?
Okay, then.
Unknown command.
Really rest while Zot is near? [Y]es or [N]o only, please.
Really rest while Zot is near? [Y]es or [N]o only, please.
Really rest while Zot is near?
You start waiting.
Zot draws nearer.
Dive deeper or flee this branch before you perish!
Really rest while Zot is near?
Okay, then.
Really rest while Zot is near?
You start waiting.
Zot has nearly found you.
Death is approaching.
Descend or flee this branch!
Unknown command.
Really rest while Zot is near? [Y]es or [N]o only, please.
Really rest while Zot is near? [Y]es or [N]o only, please.
Really rest while Zot is near? [Y]es or [N]o only, please.
Really rest while Zot is near?
Okay, then.
Zot has found you!
You die...

#.# #.# #.# #.# #.#
#.#### #.# #....###
### #.####.....#
.'#######'.[....##
.#..###(.#.......#
##...8...#.......###
##.....##......@..#
#.._..##.#...#.#.#
##.....##....##>#.#
#.......###..##.#.#
##..###..#....##.#.#
.'### ###'##.###.#†#
### #...##.# #.#.# #
#..###.# #.#.# #
#..# #.# #.#.#


There were no monsters in sight!

Vanquished Creatures
  4 endoplasms (D:1)
  2 giant cockroaches (D:1)
  5 hobgoblins (D:1)
  4 kobolds (D:1)
  2 quokkas (D:1)
  3 ball pythons (D:1)
  6 bats (D:1)
  A rat (D:1)
27 creatures vanquished.

Notes
Turn   | Place    | Note
-------+----------+-------------------------------------------
     0 | D:1      | PentaManta the Meteoran Cinder Acolyte began the quest for
                  | the Orb.
     0 | D:1      | Reached XP level 1. HP: 19/19 MP: 3/3
   115 | D:1      | Reached XP level 2. HP: 17/26 MP: 3/5
   201 | D:1      | Found Miehik's Jewellery Boutique.
   214 | D:1      | Reached XP level 3. HP: 25/31 MP: 6/6
   299 | D:1      | Found a faded altar of an unknown god.
   344 | D:1      | Reached skill level 5 in Maces & Flails
   500 | D:1      | Glimpsed the power of Zot.
   550 | D:1      | Glimpsed the power of Zot.
  1100 | D:1      | Glimpsed the power of Zot.
  1150 | D:1      | Glimpsed the power of Zot.
  1190 | D:1      | Glimpsed the power of Zot.
  1199 | D:1      | Glimpsed the power of Zot.
  1200 | D:1      | Touched by the power of Zot.
  1301 | D:1      | Glimpsed the power of Zot.
  1351 | D:1      | Glimpsed the power of Zot.
  1391 | D:1      | Glimpsed the power of Zot.
  1400 | D:1      | Touched by the power of Zot.
  1501 | D:1      | Glimpsed the power of Zot.
  1551 | D:1      | Glimpsed the power of Zot.
  1591 | D:1      | Glimpsed the power of Zot.
  1600 | D:1      | Touched by the power of Zot.
  1701 | D:1      | Glimpsed the power of Zot.
  1751 | D:1      | Glimpsed the power of Zot.
  1791 | D:1      | Glimpsed the power of Zot.
  1800 | D:1      | Tarried too long and was consumed by Zot

Illustrated notes

Levels and vault maps discovered:
D:1:      onia_arrival_mini_maze, layout_loops_ring, serial_shops,
          nicolae_shop_crystal, hellmonk_ecumenical_altar_slurped_away
D:2:      layout_rooms, uniq_terence, uniq_robin

Skill      XL: |  1  2  3 |
---------------+----------+-----
Maces & Flails | 5 |  5.2
Fighting       | |  3.4
Spellcasting   | |  1.7
Fire Magic     | |  3.8

Action                   || total
-------------------------++-------
Melee: Mace              ||    37
       Whip              ||    49
Invok: Fiery Armour      ||     1
Armor: Robe              ||    27
Dodge: Dodged            ||    58

Table legend: (Time is in decaauts)
 A = Elapsed time spent in this place.
 B = Non-inter-level travel time spent in this place.
 C = Inter-level travel time spent in this place.
 D = Time resting spent in this place.
 E = Time spent auto-exploring this place.
 F = Levels seen in this place.
 G = Mean time per level.
                   A        B        C        D        E       F      G
               +--------+--------+--------+--------+--------+-----+--------+
         Total |   1799 |   1768 |     31 |   1138 |    228 |   2 |  899.5 |
       Dungeon |   1799 |   1768 |     31 |   1138 |    228 |   2 |  899.5 |
               +--------+--------+--------+--------+--------+-----+--------+

Top non-repeatable levels by time:
     D:1: 1797 daAuts
     D:2: 1 daAuts
